 Dungeon Crawl Stone Soup version 0.21.1-1-g345015fe64 (webtiles) character file.

43803 Kuruc the Blocker (level 13, -6/114 HPs)
             Began as a Minotaur Fighter on May 24, 2018.
             Was a High Priest of Okawaru.
             Mangled by an orc warrior
             ... wielding a +0 long sword
              (17 damage)
             ... on level 1 of the Orcish Mines.
             The game lasted 01:07:38 (15224 turns).

Kuruc the Blocker (Minotaur Fighter)               Turns: 15224, Time: 01:07:39

Health: -6/114     AC: 22    Str: 36    XL:     13   Next: 92%
Magic:  11/12      EV: 20    Int:  9    God:    Okawaru [*****.]
Gold:   1365       SH: 15    Dex: 14    Spells: 12/12 levels left

rFire    + . .     SeeInvis .   y - +1 mace (protect)
rCold    + . .     Gourm    .   c - +0 shield
rNeg     + . .     Faith    +   a - +3 chain mail {rC+}
rPois    +         Spirit   .   R - -2 hat "Tuxisuki" {+Inv +Fly MR- Str+5}
rElec    .         Reflect  .   k - +0 cloak
rCorr    .         Harm     .   W - +1 pair of gloves
MR       .....                  s - +0 pair of boots
Stlth    ..........             X - amulet "Ibopsoxt" {Faith rPois Str+4}
HPRegen  0.29/turn              S - ring of Contentment {*Contam rF+ rN+ Int+4 Slay+3}
MPRegen  0.13/turn              w - +3 ring of protection

@: agile, very slightly contaminated, hasted, invisible, very quick
A: retaliatory headbutt, horns 2
a: Heroism, Finesse, Renounce Religion, Evoke Flight


You were on level 1 of the Orcish Mines.
You worshipped Okawaru.
Okawaru was extremely pleased with you.
You were not hungry.

You visited 2 branches of the dungeon, and saw 17 of its levels.

You collected 1365 gold pieces.

Inventory:

Hand Weapons
 q - a +2 trident of freezing
 y - a +1 mace of protection (weapon)
 D - a +0 demon trident
Missiles
 B - 11 javelins of returning (quivered)
 K - 18 tomahawks
 M - 2 steel tomahawks
 P - 2 javelins of penetration
 Q - 6 tomahawks of returning
 U - 6 tomahawks of dispersal
 Z - 15 poisoned tomahawks
Armour
 a - a +3 chain mail of cold resistance (worn)
 c - a +0 shield (worn)
 k - a +0 cloak (worn)
 s - a +0 pair of boots (worn)
 R - the -2 hat "Tuxisuki" (worn) {+Inv +Fly MR- Str+5}
   (Okawaru gifted it to you on level 13 of the Dungeon)

   It affects your strength (+5).
   It affects your resistance to hostile enchantments.
   It lets you turn invisible.
   It lets you fly.
 W - a +1 pair of gloves (worn)
Jewellery
 g - an uncursed amulet of the gourmand
 w - a +3 ring of protection (right hand)
 L - a +3 amulet of reflection
 S - the ring of Contentment (left hand) {*Contam rF+ rN+ Int+4 Slay+3}
   (You found it on level 12 of the Dungeon)

   [ring of protection from fire]

   It affects your intelligence (+4).
   It affects your accuracy and damage with ranged weapons and melee attacks
   (+3).
   It protects you from fire.
   It protects you from negative energy.
   It causes magical contamination when unequipped.
 X - the amulet "Ibopsoxt" (around neck) {Faith rPois Str+4}
   (You found it on level 13 of the Dungeon)

   [amulet of faith]

   It allows you to gain divine favour quickly.
   It affects your strength (+4).
   It protects you from poison.
 Y - an uncursed ring of protection from fire
Wands
 l - a wand of enslavement (14)
 t - a wand of scattershot (7)
 I - a wand of clouds (6)
 J - a wand of flame (21)
 N - a wand of disintegration (13)
Scrolls
 b - 2 scrolls of amnesia
 j - 15 scrolls of remove curse
 m - 3 scrolls of fog {unknown}
 n - 3 scrolls of immolation {unknown}
 p - 2 scrolls of enchant weapon
 u - 3 scrolls of identify
 x - 2 scrolls of magic mapping
 A - 2 scrolls of blinking {unknown}
 C - 3 scrolls of acquirement {unknown}
 E - 5 scrolls of teleportation {unknown}
 F - 3 scrolls of fear
 G - 2 scrolls of enchant armour {unknown}
 O - a scroll of summoning {unknown}
Potions
 d - 4 potions of might
 e - 2 potions of ambrosia
 h - 2 potions of haste
 i - 2 potions of agility
 o - 5 potions of curing
 r - a potion of heal wounds {unknown}
 z - a potion of brilliance {unknown}
 H - a potion of flight {unknown}
 T - a potion of invisibility
 V - a potion of resistance {unknown}
Comestibles
 f - 18 rations
 v - 4 chunks of flesh


   Skills:
 * Level 10.5 Fighting
   Level 8.5(10.9) Axes
 + Level 1.6(5.6) Maces & Flails
 + Level 10.7(11.9) Polearms
 * Level 8.8 Throwing
 * Level 12.1 Armour
 * Level 9.5 Dodging
 * Level 14.8 Shields
 - Level 0.3 Invocations


You had 12 spell levels left.
You didn't know any spells.

Dungeon Overview and Level Annotations

Branches:
Dungeon (15/15)            Temple (0/1) D:6            Lair (0/6) D:9
    Orc (2/2) D:10            Elf (0/3) Orc:2        Vaults (0/5) D:14
 Depths (0/5) D:15

Altars:
Ashenzari
Cheibriados
Fedhas
Okawaru
Ru
Sif Muna
Trog
Uskayaw
Wu Jian
Zin
The Shining One

Shops:
D:7 }   D:11 ?   Orc:1 :   Orc:2 !*


Innate Abilities, Weirdness & Mutations

You reflexively headbutt those who attack you in melee.
You have a pair of horns on your head.


Message History

The orc shouts! x3; You hear a shout! x2
An orc comes into view.
An orc warrior comes into view. It is wielding a long sword.
The orc shouts! x2; The orc wizard shouts!
The orc shouts!
The orc shouts! x3
The orc shouts! x2
The orc shouts! x2
The orc shouts! x2
A troll comes into view.
The troll shouts!
The orc shouts!
You block the orc warrior's attack.
The orc wizard sings a few bars from the Orcish anthem.
An orc warrior comes into view. It is wielding a glaive.
The troll shouts!
The orc warrior shouts!
The orc warrior shouts!
The orc shouts!
There is a stone staircase leading down here.
You see here 2 large rocks.
The orc warrior shouts!
The orc shouts!
You hear a shout! x2
The orc warrior hits you with a long sword!
You die...

.. ... .....
....#..#.....
......#.......
#.....T.......##
.##................###
...............#.....##
......................#
#....................####
..o.....o...o.o@......#.#
#......o......o....o.....
.........o......(#......#
.#..oT......#....∩.##
#...##...##...........#
##. #..o#.##..........#
#...#.#...##....#.....
...#.##......##..###....
..................# #..#


You could see 2 trolls, 3 orc warriors, an orc wizard and 4 orcs.

Vanquished Creatures
  A dire elephant (D:15)
  A vault guard (D:14)
  Josephine (D:15)
  The ghost of HessuHobo the Bludgeoner, a journeyman MiFi of the Shining One (D:10)
  2 hydras (D:15)
  5 two-headed ogres
  4 centaur warriors
  2 tengu warriors (D:14)
  2 orc high priests (Orc:2)
  3 slime creatures (D:13)
  3 skeletal warriors (D:13)
  The ghost of yann the Chopper, a novice DsAr of Qazlal (D:7)
  An unseen horror (D:15)
  A wizard (D:14)
  2 ugly things
  2 wolf spiders
  An orc knight (Orc:2)
  A mana viper (shapeshifter) (D:13)
  An orc sorcerer (Orc:2)
  4 cyclopes
  5 manticores
  2 centaur zombies
  The ghost of Lennu the Stinger, a novice NaVM (D:5)
  2 gargoyles
  4 orange demons (D:15)
  A yaktaur (D:15)
  3 centaur skeletons
  An efreet (D:14)
  A hellwing (Orc:2)
  A red devil (Orc:2)
  A tengu conjurer (D:14)
  7 trolls
  The ghost of HessuHobo the Cudgeler, an amateur MiFi (D:4)
  A merfolk (D:9)
  5 hippogriffs
  A shadow (D:15)
  A centaur simulacrum (D:14)
  6 wraiths
  A ynoxinul (Orc:2)
  2 wyverns
  A basilisk (D:13)
  A human (shapeshifter) (D:15)
  A chaos spawn (Orc:2)
  3 yaks (D:11)
  2 hungry ghosts
  An acid dragon (D:14)
  4 water moccasins
  3 sky beasts
  2 ice beasts
  24 orc warriors
  A hornet zombie (D:12)
  4 necrophages
  An eye of draining (D:13)
  3 phantoms
  9 ogres
  4 centaurs
  2 big kobolds
  17 bullfrogs
  A gnoll sergeant (D:5)
  9 scorpions
  A wyvern skeleton (D:7)
  9 killer bees
  10 wights
  2 bullfrog zombies
  15 crimson imps
  7 hounds
  17 orc wizards
  3 jellies
  25 orc priests
  2 bullfrog skeletons
  Jessica (D:2)
  4 iguanas
  7 worker ants
  A hound zombie (D:7)
  A hound skeleton (D:6)
  9 gnolls (D:5)
  13 adders
  A shadow imp (D:14)
  3 oozes
  An adder skeleton (D:5)
  4 worms
  2 dart slugs (D:2)
  6 leopard geckos
  87 orcs
  2 giant cockroaches
  6 goblins
  5 hobgoblins
  10 jackals
  20 kobolds
  6 quokkas
  3 ball pythons
  5 bats
  6 frilled lizards
  A jackal skeleton (D:5)
  2 quokka zombies
  10 rats
486 creatures vanquished.

Vanquished Creatures (others)
  An orc wizard (D:7)
1 creature vanquished.

Grand Total: 487 creatures vanquished

Notes
Turn   | Place    | Note
-------+----------+-------------------------------------------
     0 | D:1      | Kuruc the Minotaur Fighter began the quest for the Orb.
     0 | D:1      | Reached XP level 1. HP: 19/19 MP: 0/0
   103 | D:1      | Reached XP level 2. HP: 24/27 MP: 1/1
   111 | D:1      | Reached skill level 4 in Shields
   528 | D:1      | Reached XP level 3. HP: 30/33 MP: 2/2
   903 | D:2      | Reached skill level 1 in Dodging
   938 | D:2      | Reached skill level 1 in Throwing
   993 | D:2      | Reached XP level 4. HP: 31/40 MP: 3/3
  1278 | D:2      | Noticed Jessica
  1285 | D:2      | Killed Jessica
  1310 | D:2      | Found a deep blue altar of Sif Muna.
  1452 | D:3      | Reached XP level 5. HP: 28/46 MP: 4/4
  1613 | D:3      | Reached skill level 5 in Shields
  1911 | D:3      | Found an iron altar of Okawaru.
  1918 | D:3      | Became a worshipper of Warmaster Okawaru
  2083 | D:4      | Found a snail-covered altar of Cheibriados.
  2083 | D:4      | Found a glowing silver altar of Zin.
  2156 | D:4      | Reached XP level 6. HP: 53/53 MP: 5/5
  2255 | D:4      | Noticed HessuHobo's ghost (amateur MiFi)
  2267 | D:4      | Found a hide-covered altar of Uskayaw.
  2688 | D:4      | Killed HessuHobo's ghost
  2688 | D:4      | Reached * piety under Okawaru
  2688 | D:4      | Reached skill level 5 in Axes
  2688 | D:4      | Reached skill level 5 in Armour
  2688 | D:4      | Reached skill level 6 in Shields
  2688 | D:4      | Reached XP level 7. HP: 41/60 MP: 6/6
  2989 | D:5      | Entered Level 5 of the Dungeon
  3008 | D:5      | You fall through a shaft for 3 floors!
  3034 | D:8      | Noticed a hippogriff
  3048 | D:8      | Noticed a two-headed ogre
  3056 | D:8      | Killed a two-headed ogre
  3056 | D:8      | Reached ** piety under Okawaru
  3056 | D:8      | Reached XP level 8. HP: 34/67 MP: 7/7
  3062 | D:8      | Killed a hippogriff
  3062 | D:8      | Reached *** piety under Okawaru
  3062 | D:8      | Reached skill level 5 in Fighting
  3062 | D:8      | Reached skill level 7 in Shields
  3397 | D:8      | Found a shattered altar of Ashenzari.
  3608 | D:6      | Reached XP level 9. HP: 74/74 MP: 8/8
  3705 | D:6      | Found a staircase to the Ecumenical Temple.
  3810 | D:5      | Noticed Lennu's ghost (novice NaVM)
  3868 | D:5      | Killed Lennu's ghost
  3868 | D:5      | Reached **** piety under Okawaru
  3868 | D:5      | Reached skill level 8 in Shields
  3969 | D:5      | Found an ornate altar of the Wu Jian Council.
  4517 | D:5      | Noticed a moth of wrath
  4519 | D:5      | Found a bloodstained altar of Trog.
  4864 | D:6      | Received a gift from Okawaru
  4900 | D:6      | Reached skill level 1 in Polearms
  4956 | D:6      | Reached skill level 5 in Dodging
  5451 | D:7      | Noticed yann's ghost (novice DsAr)
  5469 | D:7      | Killed yann's ghost
  5590 | D:7      | Found a blossoming altar of Fedhas.
  5649 | D:7      | Reached XP level 10. HP: 83/83 MP: 9/9
  5699 | D:7      | Found Onyosog's Gadget Boutique.
  5754 | D:7      | Reached skill level 5 in Throwing
  6168 | D:7      | Reached skill level 9 in Shields
  7004 | D:8      | Found a sacrificial altar of Ru.
  7309 | D:9      | Noticed a two-headed ogre
  7319 | D:9      | Killed a two-headed ogre
  7329 | D:9      | Received a gift from Okawaru
  7427 | D:9      | Found a staircase to the Lair.
  7459 | D:9      | Reached ***** piety under Okawaru
  7682 | D:9      | Reached skill level 5 in Polearms
  8067 | D:10     | Entered Level 10 of the Dungeon
  8108 | D:10     | Noticed HessuHobo's ghost (journeyman MiFi)
  8158 | D:10     | Killed HessuHobo's ghost
  8158 | D:10     | Received a gift from Okawaru
  8158 | D:10     | Reached skill level 10 in Shields
  8220 | D:10     | Found a staircase to the Orcish Mines.
  8422 | D:10     | Received a gift from Okawaru
  8422 | D:10     | Reached XP level 11. HP: 91/91 MP: 10/10
  8537 | D:10     | Noticed a two-headed ogre
  8550 | D:10     | Killed a two-headed ogre
  9048 | D:11     | Found Loask's Magic Scroll Boutique.
  9061 | D:11     | Noticed a white ugly thing
  9069 | D:11     | Received a gift from Okawaru
  9069 | D:11     | Reached skill level 10 in Armour
  9088 | D:11     | Killed a white ugly thing
  9091 | D:11     | Reached skill level 11 in Shields
  9476 | D:11     | Noticed a two-headed ogre
  9502 | D:11     | Killed a two-headed ogre
  9502 | D:11     | Received a gift from Okawaru
  9556 | D:11     | Found a glowing golden altar of the Shining One.
  9803 | D:12     | Noticed a two-headed ogre
  9817 | D:12     | Killed a two-headed ogre
  9883 | D:12     | Got a shimmering marble ring
  9896 | D:12     | Identified the ring of Contentment {*Contam rF+ rN+ Int+4 Slay+3} (You found it on level 12 of the Dungeon)
 10610 | D:13     | Noticed a centaur warrior
 10619 | D:13     | Received a gift from Okawaru
 10619 | D:13     | Reached skill level 12 in Shields
 10635 | D:13     | Killed a centaur warrior
 10635 | D:13     | Reached XP level 12. HP: 59/100 MP: 3/11
 10655 | D:13     | Got a faintly humming hat {god gift}
 10661 | D:13     | Identified the -2 hat "Tuxisuki" {+Inv +Fly MR- Str+5} (Okawaru gifted it to you on level 13 of the Dungeon)
 11014 | D:13     | Reached skill level 13 in Shields
 11259 | D:13     | Noticed a centaur warrior
 11265 | D:13     | Killed a centaur warrior
 11455 | D:13     | Got a twitching brass amulet
 11747 | D:14     | Identified the amulet "Ibopsoxt" {Faith rPois Str+4} (You found it on level 13 of the Dungeon)
 11810 | D:14     | Found a frozen archway.
 11823 | D:14     | Noticed a centaur warrior
 11833 | D:14     | Killed a centaur warrior
 11833 | D:14     | Reached ****** piety under Okawaru
 11833 | D:14     | Received a gift from Okawaru
 11859 | D:14     | Noticed a tengu warrior
 11859 | D:14     | Noticed a tengu warrior
 11870 | D:14     | Killed a tengu warrior
 11870 | D:14     | Received a gift from Okawaru
 11879 | D:14     | Killed a tengu warrior
 12008 | D:14     | Noticed a centaur warrior
 12015 | D:14     | Received a gift from Okawaru
 12022 | D:14     | Killed a centaur warrior
 12022 | D:14     | Reached XP level 13. HP: 72/110 MP: 12/12
 12351 | D:14     | Found a gate to the Vaults.
 12660 | D:15     | Entered Level 15 of the Dungeon
 12794 | D:15     | Noticed Josephine
 12801 | D:15     | Killed Josephine
 12903 | D:15     | Reached skill level 10 in Polearms
 12924 | D:15     | Noticed a dire elephant
 12928 | D:15     | Reached skill level 14 in Shields
 12957 | D:15     | Killed a dire elephant
 12958 | D:15     | Found a staircase to the Depths.
 13162 | D:15     | Reached skill level 10 in Fighting
 13205 | D:15     | Received a gift from Okawaru
 14058 | Orc:1    | Entered Level 1 of the Orcish Mines
 14236 | Orc:2    | Entered Level 2 of the Orcish Mines
 14351 | Orc:2    | Found Deilawi's General Store.
 14357 | Orc:2    | Found Imediona's Distillery.
 15105 | Orc:2    | Found a staircase to the Elven Halls.
 15122 | Orc:2    | Received a gift from Okawaru
 15122 | Orc:2    | Reached skill level 1 in Maces & Flails
 15160 | Orc:2    | HP: 4/113 [orc priest/divine providence[an orc high priest] (12)]
 15164 | Orc:1    | Found Ikola's Book Emporium.
 15172 | Orc:1    | HP: 2/114 [orc warrior/short sword[an orc knight] (10)]
 15195 | Orc:1    | HP: 5/114 [orc knight/bolt (3)]
 15224 | Orc:1    | Mangled by an orc warrior

Skill      XL: |  1  2  3  4  5  6  7  8  9 10 11 12 13 |
---------------+----------------------------------------+-----
Shields        | 4 5 6 7 8 10 12 13 14 | 14.8
Armour         | 4 5 6 8 9 10 11 12 | 12.1
Dodging        | 1 2 3 4 5 6 7 8 9 |  9.5
Fighting       | 4 5 7 8 9 10 | 10.5
Throwing       | 1 2 3 4 5 6 7 8 |  8.8
Axes           | 3 4 5 6 7 8 |  8.5
Polearms       | 3 5 7 9 10 | 10.7
Maces & Flails | 1 |  1.6
Invocations    | |  0.3

Action                   |  1- 3 |  4- 6 |  7- 9 | 10-12 | 13-15 || total
-------------------------+-------+-------+-------+-------+-------++-------
Melee: War axe           |   103 |   171 |   152 |       |       ||   426
       Headbutt          |    13 |    28 |    64 |   230 |   116 ||   451
       Spear             |       |       |   115 |   862 |       ||   977
       Trident           |       |       |       |   135 |   325 ||   460
       Mace              |       |       |       |       |   103 ||   103
Throw: Javelin           |       |       |     6 |    38 |     4 ||    48
Invok: Heroism           |       |       |     6 |    19 |    10 ||    35
       Finesse           |       |       |       |     3 |     7 ||    10
  Use: Scroll            |       |     4 |     2 |     6 |     7 ||    19
       Potion            |       |     1 |       |       |     4 ||     5
  Eat: Chunk             |     8 |    11 |     9 |    28 |     4 ||    60
Armor: Scale mail        |    34 |       |       |       |       ||    34
       Plate armour      |    52 |   104 |   113 |   314 |     7 ||   590
       Chain mail        |       |       |       |       |   151 ||   151
Dodge: Dodged            |    25 |    20 |    54 |   255 |   176 ||   530
Block: Shield            |    71 |    64 |   129 |   556 |   359 ||  1179
